 Dungeon Crawl Stone Soup version 0.28-a0-384-g9e0c098162 (webtiles) character file.

Game seed: 14528201859818315110

18 Goblin1989 the Cudgeller (level 2, -2/24 HPs)
             Began as a Demonspawn Cinder Acolyte on Sept 2, 2021.
             Was a High Priest of Ignis.
             Slain by an iron imp (11 damage)
             ... summoned by Natasha
             ... on level 2 of the Dungeon.
             The game lasted 00:02:18 (1253 turns).

Goblin1989 the Cudgeller (DsCA)                     Turns: 1253, Time: 00:02:18

Health: -2/24      AC:  2    Str: 14    XL:     2   Next: 48%
Magic:  3/3        EV: 11    Int: 15    God:    Ignis [*****.]
Gold:   52         SH:  0    Dex:  8    Spells: 3/3 levels left

rFire   + . .      SeeInvis .   a - -1 mace (flame)
rCold   . . .      Faith    .   (no shield)
rNeg    . . .      Spirit   .   b - +0 robe
rPois   .          Reflect  .   (no helmet)
rElec   .          Harm     .   (no cloak)
rCorr   .          Rampage  .   (no gloves)
Will    .....                   (no boots)
Stlth   +.........              (no amulet)
HPRegen 0.08/turn               (no ring)
MPRegen 0.08/turn               (no ring)

@: slowed, very slow
A: demonic magic 1
a: Renounce Religion, Sea of Fire, Foxfire Swarm, Rising Flame


You were on level 2 of the Dungeon.
You worshipped Ignis.
Ignis was extremely pleased with you.
You visited 1 branch of the dungeon, and saw 2 of its levels.

You collected 52 gold pieces.

Inventory:

Hand Weapons
 a - a -1 mace of flaming (weapon)
Missiles
 k - 8 boomerangs
Armour
 b - a +0 robe (worn)
Scrolls
 c - a scroll of identify {unknown}
 d - a scroll of blinking {unknown}
 g - 2 scrolls of teleportation {unknown}
Potions
 e - a potion of might {unknown}
 f - a potion of curing {unknown}
 h - a potion of berserk rage {unknown}
 i - 2 potions of heal wounds {unknown}
 j - 2 potions of mutation {unknown}


   Skills:
 - Level 3.0 Fighting
 + Level 3.3 Maces & Flails
 + Level 0.0 Throwing
 - Level 1.1 Spellcasting
 - Level 2.7 Fire Magic


You had 3 spell levels left.
You didn't know any spells.
Your spell library contained the following spells:

 Spells                   Type           Power      Damage    Failure   Level
 Scorch                   Fire           18%        2d6       12%         2


Dungeon Overview and Level Annotations

Branches:
Dungeon (2/15)

Altars:

Annotations:
D:2 Natasha


Innate Abilities, Weirdness & Mutations

Spells you cast may paralyse adjacent enemies.


Message History

Found a short sword.
You see here a +0 short sword.
There is a stone staircase leading down here.
Done exploring.
Done exploring.
Done exploring.
Done exploring.
Done exploring.
Done exploring.
Search for what [? for help]? / Your search expression is invalid.
Search for what [? for help]? .
You see here 8 boomerangs.
k - 8 boomerangs Done exploring.
Done exploring.
(D) Dungeon
Where to? (Enter - D:1 @ (x,y), ? - help)
There is a stone staircase leading down here.
You climb downwards.
There is a stone staircase leading up here.
A kobold comes into view. It is wielding a +0 whip.
The kobold shouts!
A kobold is nearby!
A kobold is nearby!
The kobold misses you.
You miss the kobold. The kobold hits you but does no damage.
You hit the kobold. You burn the kobold.
You kill the kobold!
No target in view!
No target in view!
No target in view!
No target in view!
No target in view!
No target in view!
No target in view!
No target in view!
No target in view!
No target in view!
No target in view!
Things that are here:
a +0 whip; 3 stones {@Q3}; a kobold corpse
Found an escape hatch in the floor.
j - 2 glowing red potions (gained 1) Natasha, Servant of Life and Death comes into view.
Natasha hisses angrily.
Natasha mumbles some strange words.
Found a falchion.
There is an escape hatch in the floor here.
You hit Natasha but do no damage. Natasha claws you. Natasha barely misses you.
You take 2 damage, and have 22/24 hp.
You barely miss Natasha. The iron imp closely misses you. Natasha misses you.
You closely miss Natasha.
Natasha casts a spell.
The iron imp barely misses you.
You hit Natasha. You burn Natasha.
Natasha is lightly wounded.
Natasha casts a spell at you.
You feel yourself slow down. The iron imp hits you!
You completely miss Natasha.
Natasha is lightly wounded.
Natasha casts a spell.
The iron imp closely misses you. Natasha claws you.
The iron imp hits you but does no damage.
You take 9 damage, and have 13/24 hp.
MASSIVE DAMAGE!!
You are too injured to fight recklessly!
You are too injured to fight recklessly!
You are too injured to fight recklessly!
You are too injured to fight recklessly!
You are too injured to fight recklessly!
You are too injured to fight recklessly!
You are too injured to fight recklessly!
You are too injured to fight recklessly!
You are too injured to fight recklessly!
You are too injured to fight recklessly!
You are too injured to fight recklessly!
You are too injured to fight recklessly!
You are too injured to fight recklessly!
You are too injured to fight recklessly!
You are too injured to fight recklessly!
You are too injured to fight recklessly!
You are too injured to fight recklessly!
You are too injured to fight recklessly!
You are too injured to fight recklessly!
You are too injured to fight recklessly!
Unknown command.
You closely miss Natasha.
Natasha is lightly wounded.
Natasha claws you.
* * * LOW HITPOINT WARNING * * *
The iron imp misses you. The iron imp barely misses you.
The crimson imp blinks!
Natasha misses you.
The iron imp picks up a beetle and eats it.
The iron imp barely misses you.
You take 4 damage, and have 9/24 hp.
Unknown command.
Flames leap up around you! The iron imp barely misses you.
Natasha barely misses you.
The foxfire hits the crimson imp.
The crimson imp completely resists.
The iron imp hits you!
You die...

█......█
█......███████
█............█
█............█
████.........█
█.........█
█....vvvvv█
█....5vvvv▲
█....vv@vv█
█....v5h5v▲
█....vvvvv█
.........§...
...............


██████████████)█ .█ █ You could see 2 iron imps, Natasha (ally target) and a
crimson imp (summoned, ally target).

Vanquished Creatures
  2 bats (D:1)
  4 endoplasms (D:1)
  A giant cockroach (D:1)
  2 goblins (D:1)
  A hobgoblin (D:1)
  2 kobolds
  3 rats (D:1)
15 creatures vanquished.

Notes
Turn   | Place    | Note
-------+----------+-------------------------------------------
     0 | D:1      | Goblin1989 the Demonspawn Cinder Acolyte began the quest
                  | for the Orb.
     0 | D:1      | Reached XP level 1. HP: 18/18 MP: 2/2
     0 | D:1      | Goblin1989: !lg .
     0 | D:1      | beem: 3480. Goblin1989 the Ruffian (L2 TrCA of Ignis),
                  | slain by an orc on D:4 on 2021-09-01 06:20:48, with 23
                  | points after 298 turns and 0:03:27.
     0 | D:1      | Goblin1989: !lg . -log
     0 | D:1      | beem: 3480. Goblin1989, XL2 TrCA, T:298:
                  | https://crawl.xtahua.com/crawl/morgue/Goblin1989/morgue-Gob
                  | lin1989-20210901-062048.txt
     0 | D:1      | Goblin1989: !lg . -log -1
     0 | D:1      | beem: 3482. Goblin1989, XL1 DsCA, T:143:
                  | https://crawl.xtahua.com/crawl/morgue/Goblin1989/morgue-Gob
                  | lin1989-20210902-090209.txt
   534 | D:1      | Gained mutation: Spells you cast may paralyse adjacent
                  | enemies. [demonic ancestry]
   534 | D:1      | Reached XP level 2. HP: 21/24 MP: 3/3
  1128 | D:1      | Found a faded altar of an unknown god.
  1243 | D:2      | Noticed Natasha
  1252 | D:2      | Noticed a crimson imp
  1253 | D:2      | Slain by an iron imp

Illustrated notes

Levels and vault maps discovered:
D:1:      heliophobic_arrival_henge, layout_rooms, basic_ecumenical_altar,
          minmay_ruptured
D:2:      layout_basic, uniq_natasha, uniq_robin

Skill      XL: |  1 |
---------------+----+-----
Maces & Flails | 3 |  3.3
Fighting       | |  3.0
Spellcasting   | |  1.1
Fire Magic     | |  2.7

Action                   || total
-------------------------++-------
Melee: Mace              ||    69
Invok: Foxfire Swarm     ||     1
Armor: Robe              ||    20
Dodge: Dodged            ||    46

Table legend: (Time is in decaauts)
 A = Elapsed time spent in this place.
 B = Non-inter-level travel time spent in this place.
 C = Inter-level travel time spent in this place.
 D = Time resting spent in this place.
 E = Time spent auto-exploring this place.
 F = Levels seen in this place.
 G = Mean time per level.
                   A        B        C        D        E       F      G
               +--------+--------+--------+--------+--------+-----+--------+
         Total |   1270 |   1245 |     25 |    261 |    807 |   2 |  635.0 |
       Dungeon |   1270 |   1245 |     25 |    261 |    807 |   2 |  635.0 |
               +--------+--------+--------+--------+--------+-----+--------+

Top non-repeatable levels by time:
     D:1: 1230 daAuts
     D:2: 39 daAuts
